 Dungeon Crawl Stone Soup version 0.31-a0-851-g7ff8af7976 (webtiles) character file.

Game seed: 3513880611349051373

323 senseless the Ruffian (level 6, 0/59 HPs)
             Began as a Troll Shapeshifter on Oct 6, 2023.
             Killed from afar by an orc wizard (9 damage)
             ... with a magic dart
             ... on level 4 of the Dungeon.
             The game lasted 00:06:25 (2408 turns).

senseless the Ruffian (Troll Shapeshifter)          Turns: 2408, Time: 00:06:25

Health: 0/59       AC:  4    Str: 22 (24) XL:     6   Next: 23%
Magic:  5/5        EV: 10    Int:  7 (10) God:
Gold:   162        SH:  0    Dex:  7 (8)  Spells: 5/5 levels left

rFire   . .          .
                       - Unarmed
rCold   . . .        (no shield)
rNeg    . . .        a - +0 animal skin
rPois   .            (helmet currently unavailable)
rElec   +            (cloak currently unavailable)
rCorr   .            (gloves unavailable)
SInv    +            (boots unavailable)
Will    .....        (no amulet)
Stlth   +            x - ring of see invisible
HPRegen 1.09/turn    (no ring)
MPRegen 0.09/turn

%: no passive effects
@: confused, beast-form
A: beast (slay +2), large, unfitting armour, claws 3, regeneration 1, shaggy fur
1, tough skin 1, clever 1, electricity resistance
a: Begin Untransformation


You were on level 4 of the Dungeon.
You were a hulking beast.
You visited 1 branch of the dungeon, and saw 4 of its levels.

You collected 162 gold pieces.

Inventory:

Hand Weapons
 s - a +4 quarterstaff of chaos
Missiles
 e - 8 poisoned darts (quivered)
 q - 2 atropa-tipped darts
Armour
 a - a +0 animal skin (worn)
 r - a +0 cloak
 v - a scarf of shadows
Jewellery
 x - a ring of see invisible (left claw)
Talismans
 c - a beast talisman (active)
 d - a flux talisman
Scrolls
 h - a scroll of identify
 n - a scroll of teleportation
 p - 2 scrolls of amnesia {unknown}
 u - a scroll of brand weapon {unknown}
 w - a scroll of poison {unknown}
Potions
 b - a potion of lignification
 f - a potion of might {unknown}
 l - 3 potions of curing
 t - a potion of ambrosia {unknown}
 z - 2 potions of heal wounds {unknown}
 A - a potion of magic {unknown}


   Skills:
 + Level 2.5 Fighting
 + Level 3.0 Dodging
 + Level 4.3 Unarmed Combat
 + Level 4.1 Shapeshifting


You had 5 spell levels left.
You didn't know any spells.
Your spell library contained the following spells:

 Spells                   Type           Power      Damage    Failure   Level
 Blink                    Tloc           0%         N/A       56%         2
 Lesser Beckoning         Tloc           0%         N/A       56%         2
 Momentum Strike          Conj/Tloc      0%         3d8       56%         2
 Wereblood                Tmut           0%         N/A       56%         2
 Irradiate                Conj/Tmut      0%         3d11      100%        5


Dungeon Overview and Level Annotations

Branches:
Dungeon (4/15)
 Temple: D:4-7

Altars:
Cheibriados
Elyvilon
The Shining One

Annotations:
D:4 Grinder, Pikel


Innate Abilities, Weirdness & Mutations

You are a hulking beast.
Your limbs bulge with bestial killing power. (Slay +2)
You are too large for most types of armour.
You have claws for hands.
Your natural rate of healing is unusually fast.
You are covered in fur. (AC +1)
You have tough skin. (AC +1)
Your mind is acute. (Int +4, Str/Dex -1)
You are resistant to electric shocks. (rElec)


Message History

Your surroundings suddenly seem different.
A giant cockroach and 2 orcs come into view.
Found a spear and a scroll of identify.
Found an escape hatch in the ceiling.
The orc shouts! x2
An orc wizard comes into view. It is wielding a +0 dagger.
The orc wizard shouts!
You hear a shout!
The giant cockroach barely misses you. The giant cockroach barely misses you.
The orc closely misses you.
The orc wizard points at you and mumbles some strange words.
You are confused.
An orc comes into view. It is wielding a +0 club.
The orc barely misses you.
Found 11 gold pieces.
A hobgoblin comes into view.
The orc hits you with a +0 morningstar!
* * * LOW HITPOINT WARNING * * *
The orc closely misses you.
Found a scroll labelled BOXUBA BOEPE.
The giant cockroach attacks as it pursues you!
The giant cockroach bites you but does no damage.
The orc attacks as it pursues you! The orc hits you with a +0 club.
* * * LOW HITPOINT WARNING * * *
The orc wizard casts a spell at you. The puff of flame hits you.
* * * LOW HITPOINT WARNING * * *
You closely miss the orc. The giant cockroach closely misses you.
The orc barely misses you.
You claw the giant cockroach!
You kill the giant cockroach!
The orc misses you.
The orc wizard hits you but does no damage.
The orc hits you with a +0 club.
* * * LOW HITPOINT WARNING * * *
The orc wizard hits you but does no damage.
The orc attacks as it pursues you! The orc misses you.
The lemure barely misses you.
You closely miss the orc wizard.
The orc wizard gestures at you while chanting.
The magic dart hits you!
You die...

.##.............#
.........##....#####
.........##........#
##.......#..........
#....)..............
...#................
#.g.#............
###.###.5........
#..##.ooh.......
#..g..oog....... #
...............#.
#..
........##.......
..# #.......#
....... .##
..#...... .......
... ....$....
.....## ... ...g.#?.
#...## ... .....#.
.##


You could see a lemure (inner flame), an orc wizard, 2 gnolls, 3 orcs and a
hobgoblin.

Vanquished Creatures
  Sigmund (D:2)
  A lemure (D:4)
  Crazy Yiuf (D:2)
  Robin (D:2)
  6 adders
  A dart slug (D:4)
  A worm (D:2)
  4 ball pythons
  2 endoplasms (D:1)
  2 giant cockroaches
  10 goblins
  7 hobgoblins
  2 jackals (D:2)
  8 kobolds
  3 quokkas
  7 bats
  2 frilled lizards (D:1)
  5 rats
64 creatures vanquished.

Notes
Turn   | Place    | Note
-------+----------+-------------------------------------------
     0 | D:1      | senseless the Troll Shapeshifter began the quest for the
                  | Orb.
     0 | D:1      | Reached XP level 1. HP: 18/18 MP: 0/0
   147 | D:1      | Reached skill level 1 in Fighting
   194 | D:1      | Reached XP level 2. HP: 27/27 MP: 1/1
   583 | D:2      | Found a faded altar of an unknown god.
   618 | D:2      | Reached XP level 3. HP: 30/33 MP: 2/2
   760 | D:2      | Noticed Robin
   767 | D:2      | Killed Robin
   832 | D:2      | Found a runed translucent door.
   833 | D:2      | Noticed Crazy Yiuf
   882 | D:2      | Reached XP level 4. HP: 41/41 MP: 3/3
  1146 | D:2      | Noticed Sigmund
  1152 | D:2      | Killed Sigmund
  1153 | D:2      | Reached XP level 5. HP: 44/50 MP: 4/4
  1318 | D:2      | Killed Crazy Yiuf
  1319 | D:2      | Reached XP level 6. HP: 45/59 MP: 5/5
  1410 | D:3      | Found a snail-covered altar of Cheibriados.
  2071 | D:3      | Found a glowing golden altar of the Shining One.
  2361 | D:4      | Noticed Pikel
  2363 | D:4      | Found a white marble altar of Elyvilon.
  2391 | D:4      | Gained mutation: You are resistant to electric shocks.
                  | (rElec) [potion of mutation]
  2391 | D:4      | Gained mutation: Your mind is acute. (Int +4, Str/Dex -1)
                  | [potion of mutation]
  2392 | D:4      | Noticed Grinder
  2408 | D:4      | Killed from afar by an orc wizard

Illustrated notes

Levels and vault maps discovered:
D:1:      dpeg_arrival_rhombi, layout_loops_cross
D:2:      layout_loops_ring, hellmonk_ecumenical_altar_dog_temple,
          uniq_crazy_yiuf_cottage, uniq_sigmund, uniq_robin
D:3:      layout_loops_corners, cheibriados_altar_1, tso_altar,
          minmay_misc_feat_room
D:4:      layout_cave_pools, elyvilon_altar_5, minmay_crystal_room, uniq_pikel,
          uniq_eustachio, uniq_grinder

Skill      XL: |  1  2  3  4  5  6 |
---------------+-------------------+-----
Fighting       | 1 2 |  2.5
Dodging        | 2 3 |  3.0
Unarmed Combat | 4 |  4.3
Shapeshifting  | 4 |  4.1

Action                     |  1- 3 |  4- 6 || total
---------------------------+-------+-------++-------
  Melee: Unarmed           |    69 |   101 ||   170
         Punch             |     1 |     1 ||     2
    Use: Scroll            |       |     6 ||     6
         Potion            |       |     6 ||     6
 Armour: Animal skin       |    38 |    70 ||   108
         Skin              |       |    83 ||    83
  Dodge: Dodged            |    32 |    58 ||    90

Table legend: (Time is in decaauts)
 A = Elapsed time spent in this place.
 B = Non-inter-level travel time spent in this place.
 C = Inter-level travel time spent in this place.
 D = Time resting spent in this place.
 E = Time spent auto-exploring this place.
 F = Levels seen in this place.
 G = Mean time per level.
                   A        B        C        D        E       F      G
               +--------+--------+--------+--------+--------+-----+--------+
         Total |   2394 |   2289 |    105 |      0 |   1877 |   4 |  598.5 |
       Dungeon |   2394 |   2289 |    105 |      0 |   1877 |   4 |  598.5 |
               +--------+--------+--------+--------+--------+-----+--------+

Top non-repeatable levels by time:
     D:3: 848 daAuts
     D:2: 792 daAuts
     D:1: 581 daAuts
     D:4: 172 daAuts
